 Dungeon Crawl Stone Soup version 0.28-a0-1348-g050f3537b9 (webtiles) character file.

Game seed: 7323573178169398309

49 Deminshera the Sneak (level 3, -4/31 HPs)
             Began as a Naga Artificer on Dec 30, 2021.
             Killed by nerve-wracking pain
             ... invoked by an orc priest
              (12 damage)
             ... on level 2 of the Dungeon.
             The game lasted 00:02:19 (1824 turns).

Deminshera the Sneak (Naga Artificer)               Turns: 1824, Time: 00:02:19

Health: -4/31      AC:  2    Str: 16    XL:     3   Next: 77%
Magic:  3/3        EV: 13    Int: 11    God:
Gold:   29         SH:  0    Dex: 11    Spells: 2/2 levels left

rFire   . . .      SeeInvis +   g - +0 spear
rCold   . . .      Faith    .   (no shield)
rNeg    . . .      Spirit   .   b - +0 leather armour
rPois   +          Reflect  .   (no helmet)
rElec   .          Harm     .   (no cloak)
rCorr   .          Rampage  .   (no gloves)
Will    .....                   (no barding)
Stlth   ++........              (no amulet)
HPRegen 0.10/turn               i - +4 ring of evasion
MPRegen 0.08/turn               (no ring)

@: very slow
A: AC +1, large, see invisible, deformed body, poison resistance, slowness 2,
spit poison 1, naga tail 1
a: Spit Poison


You were on level 2 of the Dungeon.
You visited 1 branch of the dungeon, and saw 2 of its levels.

You collected 29 gold pieces.

Inventory:

Hand Weapons
 g - a +0 spear (weapon)
Armour
 b - a +0 leather armour (worn)
Jewellery
 i - a +4 ring of evasion (left hand)
Wands
 c - a wand of flame (15) (quivered)
 d - a wand of charming (15)
Scrolls
 a - a scroll of identify
Potions
 f - a potion of cancellation
 j - a potion of attraction {unknown}
Miscellaneous
 e - a piece from Xom's chessboard (15/15)


   Skills:
 - Level 1.0 Fighting
 - Level 1.5 Armour
 - Level 0.7 Dodging
 - Level 5.0 Stealth
 + Level 3.4 Evocations


You had 2 spell levels left.
You didn't know any spells.
Your spell library contained the following spells:

 Spells                   Type           Power      Damage    Failure   Level
 Inner Flame              Hex/Fire       0%         N/A       78%         3
 Portal Projectile        Hex/Tloc       0%         N/A       78%         3
 Cause Fear               Hex            0%         N/A       99%         4
 Blade Hands              Tmut           0%         N/A       100%        5
 Excruciating Wounds      Necr           0%         N/A       100%        5
 Discord                  Hex            0%         N/A       100%        8


Dungeon Overview and Level Annotations

Branches:
Dungeon (2/15)

Altars:


Innate Abilities, Weirdness & Mutations

Your serpentine skin is tough. (AC +1)
You have supernaturally acute eyesight. (SInv)
Armour fits poorly on your strangely shaped body.
Your system is resistant to poisons. (rPois)
You cover ground very slowly.
You can spit poison.
You have a snake-like lower body.


Message History

The orc wizard barely misses you.
You bump into the rock wall.
The goblin hits you with a +1 dagger of venom.
The orc wizard closely misses you.
The orc wizard looks more healthy.
The goblin barely misses you.
The orc wizard mumbles some strange words.
The orc wizard flickers and vanishes for a moment.
The orc closely misses you. The orc wizard misses you.
The goblin hits you but does no damage.
You are poisoned.
The orc hits you from afar with a +2 trident of protection!
You feel less confused.
You feel very sick.
The orc wizard hits you with a +0 dagger.
The goblin misses you.
You feel sick. The goblin misses you.
The goblin hits you with a +1 dagger of venom.
The orc hits you from afar with a +2 trident of protection!
* * * LOW HITPOINT WARNING * * *
As you read the scroll labelled GUPSEXZEKUMP, it crumbles to dust.
It is a scroll of identify.
f - a potion of cancellation
* * * LOW HITPOINT WARNING * * *
You feel sick.
The orc wizard hits you but does no damage.
The orc closely misses you. The goblin misses you.
It was a potion of heal wounds.
You feel much better.
You feel sick.
The orc priest hits you with a +0 hand axe!
The orc wizard barely misses you.
The orc hits you from afar with a +2 trident of protection!
The goblin closely misses you.
You feel sick.
You are no longer poisoned.
The orc wizard hits you but does no damage.
The orc priest hits you with a +0 hand axe.
The orc wizard hits you with a +0 dagger.
* * * LOW HITPOINT WARNING * * *
The orc priest mumbles some strange prayers to Beogh against you.
Pain shoots through your body!
You die...

# ##......##.# #
##....†.....# #
##########.........# ..
####.......####...#..##.#
..##.......####...#.....###
#..#............oo..........
##..........###..go#........
###.......###..o.##........
###............@.##........
#...#####....#...........#.
#...# #..##..............
#...#####..#...............
##...##....##...............
##......##.##......†........
........##.<................
##...#......................
#...##.....................


You could see an orc priest, an orc wizard (invisible), 2 orcs and a goblin.

Vanquished Creatures
  An adder (D:1)
  A dart slug (D:1)
  4 endoplasms (D:1)
  3 giant cockroaches (D:1)
  4 goblins (D:1)
  8 hobgoblins
  4 ball pythons
  A bat (D:1)
  2 frilled lizards (D:1)
  3 kobolds (D:1)
  3 rats
34 creatures vanquished.

Notes
Turn   | Place    | Note
-------+----------+-------------------------------------------
     0 | D:1      | Deminshera the Naga Artificer began the quest for the Orb.
     0 | D:1      | Reached XP level 1. HP: 18/18 MP: 1/1
    20 | D:1      | Reached skill level 2 in Stealth
   591 | D:1      | Reached skill level 3 in Stealth
   591 | D:1      | Reached XP level 2. HP: 25/25 MP: 2/2
   754 | D:1      | Reached skill level 4 in Stealth
   930 | D:1      | Reached XP level 3. HP: 31/31 MP: 3/3
   997 | D:1      | Found a faded altar of an unknown god.
  1392 | D:1      | Reached skill level 5 in Stealth
  1824 | D:2      | Killed from afar by an orc priest

Illustrated notes

Levels and vault maps discovered:
D:1:      amcnicky_arrival_wind_blow, layout_basic,
          shapermc_ecumenical_altar_ellora, dk_noncrumbling_2, dk_noncrumbling_3
D:2:      layout_rooms

Skill      XL: |  1  2  3 |
---------------+----------+-----
Stealth        | 3 4 5 |  5.0
Fighting       | |  1.0
Armour         | |  1.5
Dodging        | |  0.7
Evocations     | |  3.4

Action                   || total
-------------------------++-------
Melee: Club              ||    31
       Spear             ||    48
 Abil: Spit Poison       ||    26
  Use: Scroll            ||     1
       Potion            ||     1
Armor: Leather armour    ||    15
Dodge: Dodged            ||    62

Table legend: (Time is in decaauts)
 A = Elapsed time spent in this place.
 B = Non-inter-level travel time spent in this place.
 C = Inter-level travel time spent in this place.
 D = Time resting spent in this place.
 E = Time spent auto-exploring this place.
 F = Levels seen in this place.
 G = Mean time per level.
                   A        B        C        D        E       F      G
               +--------+--------+--------+--------+--------+-----+--------+
         Total |   2161 |   2070 |     91 |    593 |   1187 |   2 | 1080.5 |
       Dungeon |   2161 |   2070 |     91 |    593 |   1187 |   2 | 1080.5 |
               +--------+--------+--------+--------+--------+-----+--------+

Top non-repeatable levels by time:
     D:1: 1994 daAuts
     D:2: 166 daAuts
